 Dungeon Crawl Stone Soup version 0.20.1-1-g8b1a95d (webtiles) character file.

172 OneorTwo the Bolt Thrower (level 5, 0/32 HPs)
             Began as a Kobold Hunter on Aug 5, 2017.
             Slain by a white imp (2 damage)
             ... summoned by Natasha
             ... on level 2 of the Dungeon.
             The game lasted 00:10:11 (3602 turns).

OneorTwo the Bolt Thrower (Kobold Hunter)           Turns: 3602, Time: 00:10:11

Health: 0/32       AC:  8    Str: 10    XL:     5   Next: 83%
Magic:  5/5        EV:  8    Int: 13    God:
Gold:   142        SH:  0    Dex: 15    Spells: 4/4 levels left

rFire    + . .     SeeInvis .   e - +0 dagger (speed)
rCold    x . .     Gourm    .   (shield restricted)
rNeg     . . .     Faith    .   o - +0 chain mail
rPois    .         Spirit   .   (no helmet)
rElec    .         Reflect  .   (no cloak)
rCorr    .         Harm     .   (no gloves)
MR       .....                  (no boots)
Stlth    ..........             (no amulet)
Regen    0.1/turn               n - ring of fire
MPRegen  0.1/turn               r - +1 ring of evasion

@: no status effects
A: carnivore 3
a: no special abilities


You were on level 2 of the Dungeon.
You were completely stuffed.

You visited 1 branch of the dungeon, and saw 4 of its levels.

You collected 142 gold pieces.

Inventory:

Hand Weapons
 a - a +1 hand crossbow
 b - a +0 short sword
 e - a +0 dagger of speed (weapon)
Missiles
 d - 17 bolts
 i - 4 needles of confusion
Armour
 c - a +0 leather armour
 o - a +0 chain mail (worn)
Jewellery
 n - a ring of fire (left hand)
 r - a +1 ring of evasion (right hand)
 w - a +5 ring of dexterity {unknown}
Wands
 x - a wand of flame (26/48)
Scrolls
 h - 4 scrolls of fog {unknown}
 j - a scroll of immolation {unknown}
 k - a scroll of enchant armour {unknown}
 l - a scroll of amnesia {unknown}
 p - 2 scrolls of enchant weapon {unknown}
 q - 5 scrolls of identify {unknown}
 u - a scroll of blinking {unknown}
Potions
 g - a potion of mutation {unknown}
 m - a potion of heal wounds {unknown}
 t - a potion of curing {unknown}
 z - a potion of flight {unknown}
Comestibles
 f - 2 meat rations
 s - 2 royal jellies
 v - 2 chunks of flesh


   Skills:
 + Level 3.1 Fighting
 + Level 3.3 Short Blades
 * Level 6.7 Crossbows
 - Level 2.4 Dodging
 - Level 1.3 Stealth


You had 4 spell levels left.
You didn't know any spells.

Dungeon Overview and Level Annotations

Branches:
Dungeon (4/15)
 Temple: D:4-7

Altars:
Makhleb

Annotations:
D:2 Natasha


Innate Abilities, Weirdness & Mutations

You are small and have problems with some larger weapons.
You are carnivorous and can eat meat at any time.


Message History

You closely miss Natasha.
Natasha is heavily wounded.
Natasha closely misses you.
You hit Natasha.
Natasha is severely wounded.
The white imp gestures at you. The puff of frost hits you!
You hit Natasha but do no damage.
Natasha is severely wounded.
Natasha claws you.
* * * LOW HITPOINT WARNING * * *
The white imp hits you but does no damage.
Your chain mail prevents you from hitting Natasha.
Natasha is severely wounded.
You hit Natasha.
Natasha is severely wounded.
Natasha claws you!
* * * LOW HITPOINT WARNING * * *
The white imp hits you.
You die...

#.####.########### #.#
#.########### #.#
#............ #.#
#############
####'#### #.........
#.......# #.########
#.......# #.#......<
#....5..####.#.######
#...@h...............
#............#.......
#........############
#........)รท..........
#.......#############
#.......# #........
#.......# #.#######
#.......# #.#
####'########.#


You could see Natasha and a white imp.

Vanquished Creatures
  A hound (D:2)
  Natasha (D:2)
  4 adders
  3 worms
  2 dart slugs (D:1)
  2 leopard geckos
  5 orcs (D:3)
  6 bats
  2 giant cockroaches (D:1)
  8 goblins
  13 hobgoblins
  2 quokkas (D:2)
  2 ball pythons
  5 frilled lizards
  3 kobolds
  5 rats
64 creatures vanquished.

Notes
Turn   | Place    | Note
-------+----------+-------------------------------------------
     0 | D:1      | OneorTwo the Kobold Hunter began the quest for the Orb.
     0 | D:1      | Reached XP level 1. HP: 12/12 MP: 1/1
   114 | D:1      | Reached skill level 5 in Crossbows
   148 | D:1      | Reached skill level 1 in Short Blades
   148 | D:1      | Reached XP level 2. HP: 14/17 MP: 2/2
   770 | D:1      | Reached XP level 3. HP: 14/22 MP: 3/3
  1698 | D:2      | Reached skill level 6 in Crossbows
  1698 | D:2      | Reached XP level 4. HP: 13/27 MP: 4/4
  1832 | D:2      | Found a burning altar of Makhleb.
  2277 | D:2      | Reached XP level 5. HP: 23/32 MP: 5/5
  2882 | D:2      | You fall through a shaft for 2 floors!
  3393 | D:3      | Noticed Natasha
  3420 | D:2      | Killed Natasha
  3445 | D:2      | Noticed Natasha
  3602 | D:2      | Slain by a white imp

Skill      XL: |  1  2  3  4  5 |
---------------+----------------+-----
Crossbows      | 5 6 |  6.7
Short Blades   | 1 2 3 |  3.3
Fighting       | 3 |  3.1
Dodging        | |  2.4
Stealth        | |  1.3

Action                   |  1- 3 |  4- 6 || total
-------------------------+-------+-------++-------
Melee: Dagger            |   264 |   278 ||   542
 Fire: Hand crossbow     |     2 |    13 ||    15
  Eat: Chunk             |    11 |     6 ||    17
Armor: Leather armour    |    26 |       ||    26
       Chain mail        |    80 |    91 ||   171
Dodge: Dodged            |   113 |    60 ||   173
